 Dungeon Crawl Stone Soup version 0.19.0-11-g3fc08b3 (webtiles) character file.

77 tomat the Digger (level 3, -1/26 HPs)
             Began as a Demigod Earth Elementalist on Nov 9, 2016.
             Slain by a hound (6 damage)
             ... on level 4 of the Dungeon.
             The game lasted 00:16:36 (2615 turns).

tomat the Digger (Demigod Earth Elementalist)       Turns: 2615, Time: 00:16:37

Health: -1/26      AC:  2    Str:  8 (9)  XL:     3   Next: 91%
Magic:  1/9        EV: 12    Int: 18 (21) God:
Gold:   153        SH:  6    Dex: 15 (16) Spells: 1 memorised, 6 levels left

rFire  . . .     SeeInvis .     a - +1 spear
rCold  . . .     Gourm    .     u - +0 robe
rNeg   . . .     Faith    .     (no shield)
rPois  .         Spirit   .     (no helmet)
rElec  .         Reflect  +     (no cloak)
rCorr  .         Harm     .     (no gloves)
MR     .....     Clarity  +     (no boots)
Stlth  ++........               h - +6 amulet of reflection
                                (no ring)
                                (no ring)

@: lethally poisoned (-1 -> -2), very slightly contaminated
A: clarity, high mp 1, weak 1
a: no special abilities


You were on level 4 of the Dungeon.
You were not hungry.

You visited 1 branch of the dungeon, and saw 4 of its levels.

You collected 153 gold pieces.

Inventory:

Hand Weapons
 a - a +1 spear (weapon)
Missiles
 b - 87 stones (quivered)
Armour
 c - a +0 robe
 u - a +0 robe (worn)
Jewellery
 h - a +6 amulet of reflection (around neck)
 l - an uncursed amulet of regeneration {unknown}
Wands
 w - a wand of paralysis (6/24)
Scrolls
 k - 3 scrolls of identify
Potions
 m - a potion of heal wounds
Books
 e - a book of Geomancy

   Spells                             Type                      Level
   a - Sandblast                      Earth                        1
   b - Passwall                       Transmutation/Earth          2
   c - Stone Arrow                    Conjuration/Earth            3
   d - Petrify                        Transmutation/Earth          4
   e - Lee's Rapid Deconstruction     Earth                        5
Comestibles
 d - a bread ration
 s - 2 slices of pizza
 v - a royal jelly
 z - a beef jerky


   Skills:
 + Level 1.9 Dodging
 + Level 1.9 Stealth
 + Level 2.5 Spellcasting
   Level 0.8 Transmutations
 + Level 3.8 Earth Magic


You had 6 spell levels left.
You knew the following spells:

 Your Spells              Type           Power        Failure   Level  Hunger
a - Sandblast             Erth           ###...       3%          1    #......


Dungeon Overview and Level Annotations

Branches:
Dungeon (4/15)
 Temple: D:4-7

Shops:
D:4 [


Innate Abilities, Weirdness & Mutations

You have an increased reservoir of magic. (+10% MP)
You possess an exceptional clarity of mind.
You are weak. (Str -2)


Message History

A hound, 3 orcs, 2 orc priests and 2 orc wizards come into view.
An orc is wielding an antimagic dagger.
As you read the scroll labeled EDO XAVIAHU, it crumbles to dust.
It is a scroll of amnesia.
Forget which spell ([?*] list [ESC] exit)?
Forget which spell ([?*] list [ESC] exit)?
Okay, then.
The orc shouts!
As you read the scroll labeled CIONERIXTY, it crumbles to dust.
You hear a loud clanging noise!
It was a scroll of noise.
The orc shouts!
The hound barks!
The orc priest shouts! x2
As you read the scroll labeled XARUUR VIAFARA, it crumbles to dust.
It is a scroll of enchant weapon.
Your +0 spear glows red for a moment.
You feel sick. The hound misses you. The orc barely misses you.
The hound closely misses you.
As you read the scroll labeled URAMIL SAUSIM, it crumbles to dust.
You feel blessed for a moment.
It was a scroll of remove curse.
The hound bites you.
You die...

,,,,<,,,* *,,,,,,,,,*
*,,,***** #....$....#
,,,,,,,*** #.........#
,,**,,,,,###......!..#
*****,,,,,...........#
*** ******,#..o......#
,,*** #.#..o[.....#
*,,,*****#.....oo....#
***,,,,,,...oooo@....#
*******###....h...%#
##.......## #.∩....##
########


You could see a hound, 2 orc priests, 2 orc wizards and 4 orcs.

Vanquished Creatures
  An adder (D:4)
  An ooze (D:3)
  A worm (D:3)
  2 dart slugs (D:3)
  A leopard gecko (D:3)
  An orc (D:3)
  6 bats
  7 giant cockroaches
  7 goblins
  8 hobgoblins
  A quokka (D:3)
  7 frilled lizards
  4 kobolds
  6 rats
53 creatures vanquished.

Notes
Turn   | Place    | Note
-------+----------+-------------------------------------------
     0 | D:1      | tomat the Demigod Earth Elementalist began the quest for the Orb.
     0 | D:1      | Reached XP level 1. HP: 14/14 MP: 5/5
     2 | D:1      | Noticed a centaur
     2 | D:1      | Noticed a spriggan
     4 | D:1      | Noticed an elf
     4 | D:1      | Noticed a gargoyle
     6 | D:1      | Noticed a draconian
     6 | D:1      | Noticed a demigod
     8 | D:1      | Noticed a vampire
    10 | D:1      | Noticed a halfling
    12 | D:1      | Noticed a formicid
    14 | D:1      | Noticed a felid
    16 | D:1      | Noticed a naga
    16 | D:1      | Noticed a dwarf
    18 | D:1      | Noticed a merfolk
    18 | D:1      | Noticed a human
    20 | D:1      | Noticed a tengu
    20 | D:1      | Noticed an octopode
    22 | D:1      | Noticed a demonspawn
    22 | D:1      | Noticed a vine stalker
    24 | D:1      | Noticed a minotaur
    24 | D:1      | Noticed a troll
    26 | D:1      | Noticed a ghoul
    26 | D:1      | Noticed an ogre
   301 | D:1      | Reached skill level 3 in Earth Magic
   481 | D:1      | Reached XP level 2. HP: 20/20 MP: 2/7
  1021 | D:2      | Found an opulent altar of Gozag.
  1607 | D:3      | Reached XP level 3. HP: 23/26 MP: 6/9
  2581 | D:4      | Found a blossoming altar of Fedhas.
  2582 | D:4      | Noticed a phantom
  2595 | D:4      | Gained mutation: You are weak. (Str -2) [potion of mutation]
  2595 | D:4      | Gained mutation: You possess an exceptional clarity of mind. [potion of mutation]
  2611 | D:4      | Found Ropuecao's Antique Armour Shoppe.
  2615 | D:4      | Slain by a hound

Skill      XL: |  1 |
---------------+----+-----
Earth Magic    | 3 |  3.8
Spellcasting   | 2 |  2.5
Dodging        | |  1.9
Stealth        | |  1.9
Transmutations | |  0.8

Action                   || total
-------------------------++-------
Melee: Spear             ||     5
 Cast: Sandblast         ||   134
Evoke: Wand              ||     2
  Use: Scroll            ||    10
       Potion            ||     4
 Stab: Paralysed         ||     3
  Eat: Chunk             ||     6
Armor: Robe              ||    18
Dodge: Dodged            ||    34
Block: Other             ||    23
       Reflection        ||     1
